 Dungeon Crawl Stone Soup version 0.26.0-10-g1f06aea511 (webtiles) character file.

Game seed: 5865708243569975306

212014 Arum the Warrior (level 19, -10/147 HPs)
             Began as a Formicid Fighter on Jan 16, 2021.
             Was the Champion of Okawaru.
             Killed from afar by Nikola (24 damage)
             ... with a chain lightning
             ... on level 2 of the Snake Pit.
             The game lasted 01:17:18 (36980 turns).

Arum the Warrior (Formicid Fighter)                Turns: 36980, Time: 01:17:20

Health: -10/147    AC: 23    Str: 27    XL:     19   Next: 63%
Magic:  31/31      EV: 14    Int: 10    God:    Okawaru [******]
Gold:   1660       SH: 21    Dex: 10    Spells: 18/18 levels left

rFire    . . .     SeeInvis +   A - +9 lajatang (speed)
rCold    + . .     Faith    .   Q - +2 kite shield
rNeg     + . .     Spirit   .   X - +2 scale mail {rPois}
rPois    +         Reflect  +   (helmet unavailable)
rElec    .         Harm     .   W - +2 cloak {rC+}
rCorr    .         Rampage  .   p - +2 pair of gloves {archery}
Will     +....                  t - +0 pair of boots
Stlth    ..........             M - amulet of reflection
HPRegen  0.34/turn              y - ring "Recw" {rN+ MP+9 Slay+4}
MPRegen  0.22/turn              F - +4 ring of slaying

@: no status effects
A: permanent stasis, dig shafts and tunnels, four strong arms, antennae 3, claws
1, hooves 1, thin metallic scales 1, frail 1
}: 1/15 runes: decaying
a: Dig, Shaft Self, Renounce Religion, Heroism, Finesse


You were on level 2 of the Snake Pit.
You worshipped Okawaru.
Okawaru was exalted by your worship.
You visited 6 branches of the dungeon, and saw 30 of its levels.
You also visited: Ossuary, Ice Cave and Volcano.

You collected 3676 gold pieces.
You spent 2016 gold pieces at shops.

Inventory:

Hand Weapons
 a - the +2 quarterstaff of Irritation {drain, rPois}
   (Okawaru gifted it to you on level 14 of the Dungeon)

   A truly terrible weapon, it drains the life of those it strikes.
   It protects you from poison.
 A - a +9 lajatang of speed (weapon)
 L - a +3 lajatang of flaming
Missiles
 f - 5 throwing nets
 I - 14 javelins
Armour
 e - the +1 plate armour of Recklessness {rC+ Str+4}
   (You bought it in a shop on level 9 of the Dungeon)

   It affects your strength (+4).
   It protects you from cold.
 p - a +2 pair of gloves of archery (worn)
 t - a +0 pair of boots (worn)
 Q - a +2 kite shield (worn)
 U - a +2 plate armour of cold resistance
 W - a +2 cloak of cold resistance (worn)
 X - a +2 scale mail of poison resistance (worn)
Jewellery
 y - the ring "Recw" (left hand) {rN+ MP+9 Slay+4}
   (You found it on level 11 of the Dungeon)

   [ring of positive energy]

   It affects your accuracy and damage with ranged weapons and melee attacks
   (+4).
   It protects you from negative energy.
   It affects your magic capacity (+9).
 B - an uncursed ring of ice
 F - a +4 ring of slaying (right hand)
 G - the ring of Nunoz {Fire Str+2}
   (You found it on level 4 of the Lair of Beasts)

   [ring of fire]

   It enhances your fire magic.
   It affects your strength (+2).
   It protects you from fire.
   It makes you vulnerable to cold.
 M - an amulet of reflection (around neck)
 N - an uncursed amulet of magic regeneration
 T - a +4 ring of protection
Wands
 g - a wand of enslavement (40)
 l - a wand of polymorph (19)
 m - a wand of disintegration (15)
 u - a wand of digging (22)
 v - a wand of flame (69)
 O - a wand of iceblast (53)
 S - a wand of acid (11)
 Y - a wand of random effects (20)
 Z - a wand of paralysis (4)
Scrolls
 c - 3 scrolls of fear
 h - 4 scrolls of immolation
 i - 7 scrolls of fog
 j - 13 scrolls of identify
 n - 8 scrolls of magic mapping
 q - 7 scrolls of enchant armour
 s - 3 scrolls of noise
 C - 12 scrolls of remove curse
 E - 6 scrolls of amnesia
 R - a scroll of summoning
 V - 2 scrolls of brand weapon
Potions
 d - 10 potions of might
 k - 5 potions of ambrosia
 o - 3 potions of attraction
 r - 3 potions of heal wounds
 w - 7 potions of flight
 x - 7 potions of curing
 z - 3 potions of brilliance
 D - 6 potions of lignification
 J - a potion of cancellation
 K - 4 potions of resistance
 P - 2 potions of mutation
Miscellaneous
 b - a phial of floods
 H - a condenser vane


   Skills:
 + Level 18.5 Fighting
 - Level 15.0 Staves
 - Level 15.0 Armour
 + Level 9.2 Dodging
 + Level 13.7 Shields
 - Level 5.0 Invocations
 + Level 14.4 Evocations


You had 18 spell levels left.
You didn't know any spells.
Your spell library contained the following spells:

 Spells                   Type           Power        Failure   Level
 Animate Skeleton         Necr           0%           54%         1
 Apportation              Tloc           0%           54%         1
 Corona                   Hex            0%           54%         1
 Shock                    Conj/Air       0%           54%         1
 Sting                    Tmut/Pois      0%           54%         1
 Summon Small Mammal      Summ           0%           54%         1
 Call Imp                 Summ           0%           69%         2
 Corpse Rot               Necr/Air       N/A          69%         2
 Poisonous Vapours        Pois/Air       0%           69%         2
 Sublimation of Blood     Necr           0%           69%         2
 Call Canine Familiar     Summ           0%           89%         3
 Ignite Poison            Fire/Tmut/Pois 0%           89%         3
 Inner Flame              Hex/Fire       0%           89%         3
 Mephitic Cloud           Conj/Pois/Air  0%           89%         3
 Portal Projectile        Hex/Tloc       0%           89%         3
 Static Discharge         Conj/Air       0%           89%         3
 Stone Arrow              Conj/Erth      0%           89%         3
 Summon Guardian Golem    Hex/Summ       0%           89%         3
 Tukima's Dance           Hex            0%           89%         3
 Airstrike                Air            0%           100%        4
 Olgreb's Toxic Radiance  Pois           0%           100%        4
 Petrify                  Tmut/Erth      0%           100%        4
 Summon Ice Beast         Ice/Summ       0%           100%        4
 Summon Lightning Spire   Summ/Air       0%           100%        4
 Alistair's Intoxication  Tmut/Pois      0%           100%        5
 Irradiate                Conj/Tmut      0%           100%        5
 Lightning Bolt           Conj/Air       0%           100%        5
 Silence                  Hex/Air        0%           100%        5
 Summon Forest            Summ/Tloc      0%           100%        5
 Conjure Ball Lightning   Conj/Air       0%           100%        6
 Eringya's Noxious Bog    Tmut/Pois      0%           100%        6
 Hydra Form               Tmut           0%           100%        6
 Summon Hydra             Summ           0%           100%        7
 Tornado                  Air            0%           100%        9
 Swiftness                Air            Unusable     N/A         2

Dungeon Overview and Level Annotations

Branches:
Dungeon (15/15)            Temple (1/1) D:7            Lair (6/6) D:8
  Swamp (4/4) Lair:4        Snake (2/4) Lair:4        Slime (0/5) Lair:5
    Orc (2/2) D:10            Elf (0/3) Orc:2        Vaults (0/5) D:13
 Depths (0/5) D:15        Ossuary (visited)           IceCv (visited)
Volcano (visited)

Altars:
Ashenzari
Cheibriados
Dithmenos
Elyvilon
Fedhas
Gozag
Hepliaklqana
Kikubaaqudgha
Makhleb
Nemelex Xobeh
Okawaru
Qazlal
Ru
Sif Muna
Trog
Uskayaw
Vehumet
Wu Jian
Xom
Yredelemnul
Zin
The Shining One

Shops:
D:9 (}[   D:10 *   D:12 }   Orc:1 !   Orc:2 [(?[   Snake:1 *

Annotations:
Snake:2 Nikola


Innate Abilities, Weirdness & Mutations

You cannot be hasted, slowed, berserked, paralysed or teleported.
You can dig through walls and to a lower floor.
Your four strong arms can wield two-handed weapons with a shield.
You have a pair of large antennae on your head. (SInv)
You have sharp fingernails.
You have large cloven feet.
You are partially covered in thin metallic scales. (AC +2)
You are frail. (-10% HP)


Message History

Nikola mumbles some strange words.
You hear a mighty clap of thunder!
The lightning arc hits you!!
The lightning arc hits Nikola!
The lightning arc hits you!!
The lightning arc hits Nikola!
The lightning arc hits you!!
You start resting.
Nikola is nearby!
A salamander comes into view.
The salamander wields a +3 shortbow of flaming.
It bursts into flame!
The salamander shoots an arrow.
You reflect the arrow off an invisible shield around you!
The arrow hits the salamander!
Nikola mumbles some strange words.
You hear a mighty clap of thunder!
The lightning arc hits you!!
* * * LOW HITPOINT WARNING * * *
The lightning arc hits Nikola.
The lightning arc hits you!!
* * * LOW HITPOINT WARNING * * *
The lightning arc hits Nikola.
The lightning arc hits you!!
You die...

###.###..^..... ###...(.....)..
#.......#....#N #.###).......
#......##.#..#. ##...#.)......
#......#..####.####....#)####.##
######..!....#.#..##.....(..###.
#..#.#.....#.#...##....(..#...
#.###.....#.#....#.....###...
#...##....#.#....#.....#.#...
...#....#@@...##.....#.....
#.#.#..#.#.###......#.##..
#...####.#.#.###....#..#..
##.............#.......###
#...##....#...#...##..# #
#....#.##.#.#######..<# #
##..#####>.### #.### #
..##...#.......# ### #
.(........).....#


You could see Nikola and a salamander.

Vanquished Creatures
  A bone dragon (Swamp:4)
  Gastronok (Lair:3)
  Frances (Swamp:1)
  Donald (Swamp:1)
  3 tengu reavers (D:13)
  A storm dragon (D:13)
  2 fenstrider witches
  A fire giant (D:13)
  Aizul (Swamp:4)
  2 orc warlords
  11 bunyips
  3 ettins
  A red draconian (Volcano)
  6 eleionomae
  2 fire dragons (D:13)
  The ghost of MajorAdolf the Cleaver, a journeyman NaWn of Ashenzari (Lair:2)
  Harold (Orc:1)
  4 vault guards (D:13)
  4 boulder beetles
  An ice dragon (D:13)
  17 hydras
  4 merfolk avatars (Swamp:4)
  2 catoblepae
  2 naga warriors
  An anaconda (Snake:1)
  A ghost crab (Swamp:4)
  4 ogre magi
  A death knight (D:15)
  9 alligators
  A queen ant (Lair:3)
  5 centaur warriors
  10 death yaks
  A tengu warrior (D:15)
  16 two-headed ogres
  A deep troll earth mage (D:13)
  5 spriggans
  2 naga sharpshooters (Snake:1)
  Sonja (D:12)
  Nergalle (D:12)
  5 shock serpents
  A salamander mystic (Snake:2)
  3 unseen horrors
  2 spriggan druids
  A skeletal warrior (D:12)
  8 goliath frogs
  2 wizards (D:15)
  A naga ritualist (Snake:1)
  2 deep trolls (Orc:2)
  2 swamp dragons
  8 bog bodies
  A spectral hydra (Swamp:4)
  2 necromancers
  2 orc knights
  A mana viper (Snake:1)
  8 ugly things
  2 wolf spider zombies
  2 oklob plants
  3 phantasmal warriors
  7 cyclopes
  2 orc sorcerers
  6 will-o-the-wisps
  A wolf spider (Lair:6)
  2 deep elf magi
  9 salamanders
  3 manticores
  An ice statue (IceCv)
  4 naga magi
  A guardian serpent (Lair:6)
  13 black mambas
  An eye of devastation (shapeshifter) (D:13)
  A molten gargoyle (Volcano)
  17 cane toads
  3 gargoyles
  3 rime drakes
  A kobold demonologist (D:12)
  5 centaur skeletons
  A yaktaur (Volcano)
  10 freezing wraiths (IceCv)
  3 swamp worm zombies (Swamp:4)
  2 redback zombies (D:15)
  7 komodo dragons
  3 tengu conjurers
  A hydra zombie (Swamp:4)
  3 polar bears
  4 bloated husks (Swamp:4)
  14 trolls
  10 hornets
  12 slime creatures
  14 tyrant leeches
  4 blink frogs (Lair:2)
  3 spectral swamp dragons (Swamp:4)
  4 centaur simulacra
  3 alligator zombies (Swamp:4)
  4 redbacks
  3 shadows
  26 wyverns
  Eustachio (D:5)
  7 wraiths
  5 basilisks
  33 yaks
  7 vampire mosquitoes (D:15)
  6 wargs
  An acid dragon (D:14)
  21 soldier ants
  24 swamp worms
  25 water moccasins
  10 nagas
  2 hell hounds (Lair:3)
  25 orc warriors
  3 swamp drakes
  7 sky beasts
  11 ice beasts
  A black bear (Lair:4)
  An eye of draining (D:8)
  6 swamp dragon zombies (Swamp:4)
  32 ogres
  A necrophage (D:7)
  30 wolves
  12 phantoms
  28 centaurs
  6 big kobolds
  22 bullfrogs
  A hornet simulacrum (D:15)
  9 killer bees
  2 swamp dragon simulacra (IceCv)
  8 wights
  4 howler monkeys
  4 centaur zombies
  3 lava snakes (Volcano)
  A quasit (D:13)
  2 bullfrog zombies
  5 draconian simulacra (IceCv)
  3 hounds
  9 jellies
  28 orc wizards
  Crazy Yiuf (D:6)
  4 bullfrog skeletons
  24 orc priests
  7 iguanas
  Ijyb (D:3)
  Terence (D:2)
  3 spriggan simulacra (IceCv)
  4 troll simulacra (IceCv)
  25 worker ants
  2 spectral swamp drakes (Swamp:4)
  2 wolf simulacra (IceCv)
  A killer bee zombie (D:6)
  A hound skeleton (D:7)
  A mummy (Ossuary)
  A worker ant zombie (D:6)
  A howler monkey skeleton (D:6)
  5 gnolls
  5 naga simulacra (IceCv)
  2 swamp drake zombies (Swamp:4)
  18 adders
  An ogre simulacrum (IceCv)
  A shadow imp (D:7)
  19 white imps
  An ufetubus (D:10)
  2 oozes (D:3)
  5 worms
  2 dart slugs (D:2)
  7 leopard geckos
  76 orcs
  3 ball pythons
  11 bats
  3 giant cockroaches
  7 goblins
  8 hobgoblins
  10 jackals
  6 quokkas
  9 frilled lizards
  8 gnoll skeletons (Ossuary)
  A jackal zombie (D:6)
  20 kobolds
  3 kobold skeletons (Ossuary)
  A leopard gecko zombie (D:5)
  14 orc skeletons (Ossuary)
  7 rats
1139 creatures vanquished.

Vanquished Creatures (others)
  An eleionoma (Swamp:4)
  2 bloated husks
  A centaur (D:8)
  A killer bee (D:8)
  An orc wizard (Orc:1)
  An orc (D:4)
  A quokka (D:4)
  6 foxfires
  25 fungi
  73 plants
112 creatures vanquished.

Grand Total: 1251 creatures vanquished

Notes
Turn   | Place    | Note
-------+----------+-------------------------------------------
     0 | D:1      | Arum the Formicid Fighter began the quest for the Orb.
     0 | D:1      | Reached XP level 1. HP: 18/18 MP: 1/1
    81 | D:1      | Reached XP level 2. HP: 24/24 MP: 2/2
   396 | D:1      | Reached XP level 3. HP: 29/29 MP: 3/3
   845 | D:2      | Reached XP level 4. HP: 31/37 MP: 4/4
   891 | D:2      | Found a hazy altar of Hepliaklqana.
   915 | D:2      | Noticed Terence
   930 | D:2      | Killed Terence
   931 | D:2      | Reached skill level 4 in Fighting
  1173 | D:2      | Reached XP level 5. HP: 41/42 MP: 5/5
  1588 | D:3      | Found a radiant altar of Vehumet.
  1589 | D:3      | Found an ancient bone altar of Kikubaaqudgha.
  1590 | D:3      | Found an ornate altar of the Wu Jian Council.
  1715 | D:3      | Noticed an ice beast
  1724 | D:3      | Killed an ice beast
  1725 | D:3      | Reached skill level 5 in Shields
  1725 | D:3      | Reached XP level 6. HP: 19/49 MP: 6/6
  1964 | D:3      | Noticed Ijyb
  1973 | D:3      | Killed Ijyb
  2480 | D:4      | Noticed an ogre
  2653 | D:4      | Reached XP level 7. HP: 55/55 MP: 7/7
  2695 | D:4      | Reached skill level 5 in Fighting
  2695 | D:4      | Reached skill level 5 in Armour
  2752 | D:4      | Found a white marble altar of Elyvilon.
  2929 | D:4      | Found a bloodstained altar of Trog.
  3378 | D:5      | Entered Level 5 of the Dungeon
  3533 | D:5      | Reached XP level 8. HP: 53/64 MP: 8/8
  3736 | D:5      | Found a sand-covered staircase.
  3748 | D:5      | Reached skill level 6 in Fighting
  3778 | Ossuary  | Entered an ossuary
  3778 | Ossuary  | Noticed a wraith
  3778 | Ossuary  | Noticed a wraith
  3778 | Ossuary  | Noticed a wraith
  3952 | Ossuary  | Noticed a wraith
  3972 | Ossuary  | Killed a wraith
  3973 | Ossuary  | Reached skill level 5 in Staves
  4669 | D:5      | Found a broken altar of Ashenzari.
  4747 | D:5      | Noticed Eustachio
  4780 | D:5      | Killed Eustachio
  4961 | D:5      | Reached skill level 7 in Fighting
  5086 | D:6      | Reached XP level 9. HP: 57/72 MP: 9/9
  5692 | D:6      | Found a glowing golden altar of the Shining One.
  5840 | D:6      | Found a runed translucent door.
  5841 | D:6      | Noticed Crazy Yiuf
  5974 | D:6      | Killed Crazy Yiuf
  6113 | D:7      | Found a staircase to the Ecumenical Temple.
  6120 | Temple   | Entered the Ecumenical Temple
  6327 | Temple   | Became a worshipper of Warmaster Okawaru
  6383 | D:7      | Found a glowing silver altar of Zin.
  6458 | D:7      | Reached skill level 8 in Fighting
  6577 | D:7      | Found a sacrificial altar of Ru.
  6921 | D:8      | Noticed a cyclops
  6940 | D:8      | Gained mutation: You are weak. (Str -2) [potion of
                  | mutation]
  6940 | D:8      | Gained mutation: Your mind is acute. (Int +2) [potion of
                  | mutation]
  6940 | D:8      | Gained mutation: Armour fits poorly on your strangely
                  | shaped body. [potion of mutation]
  6940 | D:8      | Gained mutation: You are partially covered in thin metallic
                  | scales. (AC +2) [potion of mutation]
  6946 | D:8      | Reached * piety under Okawaru
  6947 | D:8      | Reached XP level 10. HP: 51/82 MP: 0/10
  6960 | D:8      | Killed a cyclops
  6961 | D:8      | Reached skill level 9 in Fighting
  7175 | D:8      | Lost mutation: You are weak. (Str -2) [potion of mutation]
  7175 | D:8      | Lost mutation: Your mind is acute. (Int +2) [potion of
                  | mutation]
  7175 | D:8      | Gained mutation: You are mostly covered in thin metallic
                  | scales. (AC +3) [potion of mutation]
  7175 | D:8      | Gained mutation: You have large cloven feet. [potion of
                  | mutation]
  7176 | D:8      | Lost mutation: Armour fits poorly on your strangely shaped
                  | body. [potion of mutation]
  7176 | D:8      | Lost mutation: You are mostly covered in thin metallic
                  | scales. (AC +3) [potion of mutation]
  7176 | D:8      | Gained mutation: You are frail. (-10% HP) [potion of
                  | mutation]
  7176 | D:8      | Gained mutation: You have sharp fingernails. [potion of
                  | mutation]
  7589 | D:8      | Reached ** piety under Okawaru
  7692 | D:8      | Found a staircase to the Lair.
  8043 | D:9      | Reached skill level 10 in Fighting
  8062 | D:9      | Found a white marble altar of Elyvilon.
  8112 | D:9      | Found Facesel's Antique Weapon Boutique.
  8294 | D:9      | Found Dehud's Gadget Boutique.
  8339 | D:9      | Found Zuffeakk's Antique Armour Boutique.
  8411 | D:9      | Noticed a two-headed ogre
  8419 | D:9      | Killed a two-headed ogre
  8419 | D:9      | Reached *** piety under Okawaru
  8420 | D:9      | Reached XP level 11. HP: 34/82 MP: 11/11
  8726 | D:10     | Entered Level 10 of the Dungeon
  8797 | D:10     | Found Qofriog's General Store.
  8851 | D:10     | Reached skill level 1 in Invocations
  8851 | D:10     | HP: 4/82 [orc priest/divine providence (15)]
  8853 | D:10     | You fall into a shaft and drop 1 floor!
  8853 | D:11     | Noticed a cyan ugly thing
  8862 | D:11     | Killed a cyan ugly thing
  9201 | D:11     | Noticed a purple ugly thing
  9210 | D:11     | Killed a purple ugly thing
  9210 | D:11     | Reached **** piety under Okawaru
  9322 | D:11     | Got a coiled bone ring
  9367 | D:11     | Identified the ring "Recw" {rN+ MP+9 Slay+4} (You found it
                  | on level 11 of the Dungeon)
  9816 | D:10     | Found a staircase to the Orcish Mines.
 10197 | D:11     | You fall into a shaft and drop 2 floors!
 10221 | D:13     | Noticed a centaur warrior
 10236 | D:13     | Killed a centaur warrior
 10236 | D:13     | Reached ***** piety under Okawaru
 10237 | D:13     | Reached skill level 11 in Fighting
 10319 | D:13     | Reached skill level 10 in Staves
 10446 | D:12     | Noticed a deep elf mage
 10449 | D:12     | Killed a deep elf mage
 10768 | D:11     | Reached skill level 5 in Invocations
 10814 | D:11     | Reached XP level 12. HP: 90/90 MP: 15/15
 11597 | D:12     | Reached skill level 10 in Armour
 11683 | D:12     | Noticed a two-headed ogre
 11689 | D:12     | Killed a two-headed ogre
 11698 | D:12     | Received a gift from Okawaru
 11750 | D:12     | Noticed Sonja
 11772 | D:12     | Reached skill level 12 in Fighting
 12246 | D:9      | Bought a heavily runed plate armour for 672 gold pieces
 12247 | D:9      | Identified the cursed +1 plate armour of Recklessness {rC+
                  | Str+4} (You bought it in a shop on level 9 of the Dungeon)
 12354 | D:12     | Found Doat's Gadget Emporium.
 12401 | D:12     | Noticed Nergalle
 12418 | D:12     | Killed Nergalle
 12495 | D:12     | Noticed an unseen horror
 12495 | D:12     | Noticed a boulder beetle
 12496 | D:12     | Noticed a skeletal warrior
 12496 | D:12     | Noticed an ogre mage
 12681 | D:12     | Killed a skeletal warrior
 12688 | D:12     | Killed Sonja
 12701 | D:12     | Killed a boulder beetle
 12707 | D:12     | Killed an ogre mage
 12718 | D:12     | Received a gift from Okawaru
 12998 | D:12     | Reached XP level 13. HP: 98/98 MP: 16/16
 13017 | D:12     | Identified Sif Muna's Tome of Hexes
 13176 | D:12     | Reached ****** piety under Okawaru
 13294 | D:10     | Bought a scroll of brand weapon for 220 gold pieces
 13727 | D:13     | Reached skill level 13 in Fighting
 13766 | D:13     | Found a huge runed gate.
 13766 | D:13     | Found a huge runed gate.
 13766 | D:13     | Found a huge runed gate.
 13766 | D:13     | Found a huge runed gate.
 13766 | D:13     | Found a huge runed gate.
 13768 | D:13     | Found a huge runed gate.
 13769 | D:13     | Found a huge runed gate.
 13771 | D:13     | Found a huge runed gate.
 13771 | D:13     | Found a huge runed gate.
 13780 | D:13     | Found a huge runed gate.
 13781 | D:13     | Found a huge runed gate.
 13782 | D:13     | Found a huge runed gate.
 13859 | D:13     | Noticed a boulder beetle
 13873 | D:13     | Killed a boulder beetle
 13874 | D:13     | Reached skill level 1 in Evocations
 14263 | D:13     | Noticed a vault guard
 14265 | D:13     | Noticed a vault guard
 14278 | D:13     | Noticed a vault guard
 14343 | D:13     | Noticed a centaur warrior
 14352 | D:13     | HP: 2/99 [centaur warrior/arrow (15)]
 14683 | D:13     | Received a gift from Okawaru
 14694 | D:13     | Killed a vault guard
 14712 | D:13     | Killed a centaur warrior
 14798 | D:13     | Killed a vault guard
 14907 | D:13     | Killed a vault guard
 14952 | D:13     | Noticed a vault guard
 14963 | D:13     | Killed a vault guard
 15240 | D:13     | Found a gate to the Vaults.
 15438 | D:13     | Found a huge runed gate.
 15442 | D:13     | Found a huge runed gate.
 15442 | D:13     | Found a huge runed gate.
 15442 | D:13     | Found a huge runed gate.
 15448 | D:13     | Noticed a fire dragon
 15448 | D:13     | Noticed a tengu reaver
 15448 | D:13     | Noticed a fire giant
 15448 | D:13     | Noticed an ettin
 15448 | D:13     | Noticed a fire dragon
 15448 | D:13     | Noticed a tengu reaver
 15448 | D:13     | Noticed an ice dragon
 15448 | D:13     | Noticed a storm dragon
 15449 | D:13     | Noticed a tengu reaver
 15455 | D:13     | Killed an ettin
 15456 | D:13     | Reached XP level 14. HP: 73/107 MP: 17/17
 15460 | D:13     | Reached skill level 5 in Evocations
 15460 | D:13     | Killed a tengu reaver
 15465 | D:13     | Killed a tengu reaver
 15466 | D:13     | Reached skill level 14 in Fighting
 15470 | D:13     | Killed a storm dragon
 15470 | D:13     | Received a gift from Okawaru
 15479 | D:13     | Killed a fire giant
 15500 | D:13     | Killed a tengu reaver
 15521 | D:13     | Got a masterwork triple crossbow
 16077 | D:14     | Received a gift from Okawaru
 16083 | D:14     | Got a crude quarterstaff {god gift}
 16084 | D:14     | Identified the +2 quarterstaff of Irritation {drain, rPois}
                  | (Okawaru gifted it to you on level 14 of the Dungeon)
 16553 | D:14     | Found a hide-covered altar of Uskayaw.
 17092 | D:15     | Entered Level 15 of the Dungeon
 17175 | D:15     | Reached XP level 15. HP: 101/114 MP: 18/18
 17469 | D:15     | Found a shimmering altar of Xom.
 17511 | D:15     | Received a gift from Okawaru
 17597 | D:15     | Received a gift from Okawaru
 17620 | D:15     | Reached skill level 15 in Fighting
 17731 | D:15     | Found a staircase to the Depths.
 17860 | D:15     | Found a blossoming altar of Fedhas.
 18083 | D:15     | Received a gift from Okawaru
 18571 | Orc:1    | Entered Level 1 of the Orcish Mines
 18593 | Orc:1    | Noticed Harold
 18631 | Orc:1    | Killed Harold
 18784 | Orc:1    | Found Utto's Distillery.
 18947 | Orc:2    | Entered Level 2 of the Orcish Mines
 18950 | Orc:2    | Noticed an orc warlord
 18970 | Orc:2    | Killed an orc warlord
 19060 | Orc:1    | Noticed an orc warlord
 19081 | Orc:1    | Killed an orc warlord
 19353 | Orc:2    | Found a staircase to the Elven Halls.
 19461 | Orc:2    | Found Iwkur's Antique Weapon Emporium.
 19477 | Orc:2    | Reached XP level 16. HP: 116/122 MP: 19/19
 19481 | Orc:2    | Received a gift from Okawaru
 19485 | Orc:2    | Received a gift from Okawaru
 19487 | Orc:2    | Reached skill level 10 in Evocations
 19627 | Orc:2    | Found Ivoakhey's Antique Armour Shop.
 19628 | Orc:2    | Found Matij's Antique Armour Shoppe.
 19655 | Orc:2    | Found Vituwyis's Magic Scroll Emporium.
 19663 | Orc:2    | Bought a scroll of summoning for 142 gold pieces
 19663 | Orc:2    | Bought a scroll of enchant weapon for 112 gold pieces
 19663 | Orc:2    | Bought a scroll of identify for 30 gold pieces
 19875 | Orc:2    | Bought an ichor-stained plate armour for 840 gold pieces
 19876 | Orc:2    | Identified the cursed +1 plate armour of Genaics {rCorr
                  | Str-3 Stlth+} (You bought it in a shop on level 2 of the
                  | Orcish Mines)
 20003 | Lair:1   | Entered Level 1 of the Lair of Beasts
 20513 | Lair:1   | Reached skill level 16 in Fighting
 20813 | Lair:2   | Found a runed translucent gate.
 20814 | Lair:2   | Found a runed translucent gate.
 20815 | Lair:2   | Found a runed translucent gate.
 20816 | Lair:2   | Noticed MajorAdolf's ghost (journeyman NaWn)
 20820 | Lair:2   | Found a frozen archway.
 20827 | Lair:2   | Killed MajorAdolf's ghost
 20828 | Lair:2   | Reached skill level 15 in Armour
 20842 | IceCv    | Entered an ice cave
 20976 | IceCv    | Received a gift from Okawaru
 21028 | IceCv    | Found an ancient bone altar of Kikubaaqudgha.
 21038 | IceCv    | Reached skill level 1 in Dodging
 22672 | Lair:3   | Found a dark tunnel.
 22683 | Volcano  | Entered a volcano
 22803 | Volcano  | Found a radiant altar of Vehumet.
 22812 | Volcano  | Reached skill level 15 in Staves
 22871 | Volcano  | Received a gift from Okawaru
 22906 | Volcano  | Got a crystal flail
 23070 | Lair:3   | Identified the cursed +3 flail of Yleysirr {drain, rElec
                  | rN+ Will+ Str+3} (You found it in a volcano)
 23079 | Lair:3   | Found a sparkling altar of Nemelex Xobeh.
 23129 | Lair:3   | Noticed Gastronok
 23148 | Lair:3   | Killed Gastronok
 23149 | Lair:3   | Reached XP level 17. HP: 97/130 MP: 20/20
 24151 | Lair:4   | Got a warped copper ring
 24152 | Lair:4   | Identified the ring of Nunoz {Fire Str+2} (You found it on
                  | level 4 of the Lair of Beasts)
 24247 | Lair:4   | Reached skill level 10 in Shields
 24277 | Lair:4   | Found a staircase to the Swamp.
 24410 | Lair:4   | Found a staircase to the Snake Pit.
 25109 | Lair:5   | Found a staircase to the Slime Pits.
 25241 | Lair:5   | Received a gift from Okawaru
 25492 | Lair:6   | Entered Level 6 of the Lair of Beasts
 25527 | Lair:6   | Reached skill level 5 in Dodging
 26177 | Lair:6   | Reached skill level 17 in Fighting
 27510 | Swamp:1  | Entered Level 1 of the Swamp
 27803 | Swamp:1  | Noticed Donald
 27814 | Swamp:1  | Killed Donald
 27815 | Swamp:1  | Reached XP level 18. HP: 139/139 MP: 21/21
 28123 | Swamp:1  | Noticed Frances
 28132 | Swamp:1  | Received a gift from Okawaru
 28147 | Swamp:1  | Killed Frances
 29818 | Swamp:2  | Received a gift from Okawaru
 31978 | Swamp:4  | Entered Level 4 of the Swamp
 32415 | Swamp:4  | Reached skill level 18 in Fighting
 32465 | Swamp:4  | Received a gift from Okawaru
 32466 | Swamp:4  | Reached XP level 19. HP: 92/146 MP: 22/22
 32507 | Swamp:4  | Noticed Aizul
 32888 | Swamp:4  | Killed Aizul
 34191 | Swamp:4  | Noticed a bone dragon
 34207 | Swamp:4  | Killed a bone dragon
 34680 | Swamp:4  | Received a gift from Okawaru
 34716 | Swamp:4  | Got a decaying rune of Zot
 35125 | Snake:1  | Entered Level 1 of the Snake Pit
 35861 | Snake:1  | Found Lofuxun's General Store.
 36450 | Snake:2  | Received a gift from Okawaru
 36974 | Snake:2  | Noticed Nikola
 36980 | Snake:2  | Killed from afar by Nikola

Illustrated notes

Levels and vault maps discovered:
D:1:      scummos_arrival_gate, layout_basic
D:2:      layout_loops_ring, nzn_hepliaklqana_mist_gate, uniq_terence
D:3:      layout_loops_ring, chequers_temple_overflow_statue_of_worship,
          cheibrodos_sewer_entry_bend, uniq_ijyb
D:4:      layout_rooms, elyvilon_altar_4, lemuel_altar_in_water2
D:5:      layout_loops_corners, ashenzari_altar_1, nicolae_ossuary_entry_ruins,
          uniq_eustachio
D:6:      layout_basic, tso_metal_star, minmay_between, uniq_crazy_yiuf_cottage
D:7:      layout_cave_pools, hangedman_ru_absence, kennysheep_little_box,
          minmay_temple_entry_gardened_gates, eino_tiny_chamber
D:8:      layout_rooms, erik_lair_orcish_takeover, minmay_circle_x
D:9:      layout_rooms, serial_shops, nicolae_shop_statue_plus, shop_statue,
          nicolae_shop_behind_doors, basic_altar, serial_bayou_pond_c
D:10:     layout_small_grid, orc_0_dummy, serial_shops, shop
D:11:     layout_irregular_city
D:12:     layout_loops_cross, serial_shops, shop, minivault_12, uniq_nergalle,
          uniq_sonja
D:13:     layout_cave_pools, lightli_vaults_fourway_checkpoint,
          minmay_misc_feat_roman, door_vault
D:14:     layout_stronghold, lemuel_oklob_altar
D:15:     grunt_enter_depths_magical_seal, layout_basic, fedhas_altar_1, tgw_xom
Temple:   nicolae_temple_figure_eight
Lair:1:   layout_small_grid, minivault_24, grunt_megastairs_2
Lair:2:   layout_layer_cave, ebering_ghost_rock_garden,
          portal_ice_cave_entry_pillars_2
Lair:3:   layout_hall_layers, basic_altar, enter_volcano_3, st_stairs_4,
          minivault_29, grunt_megastairs_1, serial_bayou_shore_b, uniq_gastronok
Lair:4:   layout_cave_shapes, palyth_hydra_swamp_entry,
          minmay_snake_entry_six_corridors, minivault_19, st_stairs_4,
          worms_lemuel
Lair:5:   layout_cave_shapes, minmay_slime_entry_pillars, lemuel_fruit_fields,
          lemuel_fruit_fields, lemuel_fruit_tree, infiniplex_staircase_pool
Lair:6:   hangedman_lair_tendril_chambers, layout_cave_shapes
Swamp:1:  layout_falls_marsh, evilmike_swamp_ruin_house_3, hangedman_swamp_cone,
          uniq_donald, uniq_frances
Swamp:2:  layout_basic_swamp, evilmike_swamp_ruin_rubble_2, swamp_pool3
Swamp:3:  layout_basic_swamp, evilmike_swamp_ruin_house_6
Swamp:4:  swamp_pestilence, layout_basic_swamp, grunt_lady_of_the_lake,
          uniq_aizul
Snake:1:  layout_gridlike, serial_shops, shop, st_stairs_6, grunt_megastairs_5
Snake:2:  layout_honeycomb, serial_bayou_shore_a, uniq_nikola
Orc:1:    layout_caves, serial_shops, shop, uniq_harold
Orc:2:    st_orc_open, layout_diamond_mine

Skill      XL: |  1  2  3  4  5  6  7  8  9 10 11 12 13 14 15 16 17 18 19 |
---------------+----------------------------------------------------------+-----
Shields        | 4 5 6 7 9 11 12 13 | 13.7
Fighting       | 4 5 7 8 10 11 12 13 14 15 16 17 18 | 18.5
Armour         | 4 5 8 9 11 12 13 14 15 | 15.0
Staves         | 3 4 6 7 9 10 11 12 13 14 15 | 15.0
Invocations    | 5 |  5.0
Evocations     | 4 7 9 11 12 13 14 | 14.4
Dodging        | 3 6 8 9 |  9.2

Action                   |  1- 3 |  4- 6 |  7- 9 | 10-12 | 13-15 | 16-18 | 19-21 || total
-------------------------+-------+-------+-------+-------+-------+-------+-------++-------
Melee: Quarterstaff      |    98 |   180 |   395 |   542 |     6 |       |       ||  1221
       Lajatang          |       |       |       |       |   657 |  1247 |   353 ||  2257
Invok: Heroism           |       |       |       |     1 |     3 |     4 |     1 ||     9
       Finesse           |       |       |       |       |     2 |     1 |       ||     3
 Abil: Dig               |       |     1 |     2 |     9 |    10 |     6 |     1 ||    29
       Shaft Self        |       |       |       |     1 |       |       |       ||     1
Evoke: Wand              |       |       |     2 |     8 |     5 |    19 |    33 ||    67
       Condenser vane    |       |       |       |       |     2 |       |       ||     2
  Use: Potion            |       |       |     3 |     2 |     4 |     3 |       ||    12
       Scroll            |       |       |       |    18 |    13 |    12 |     4 ||    47
 Stab: Paralysed         |       |       |       |    18 |       |       |       ||    18
       Confused          |       |       |       |     2 |       |       |       ||     2
       Petrified         |       |       |       |     4 |       |     2 |       ||     6
       Petrifying        |       |       |       |     3 |       |       |       ||     3
Armor: Scale mail        |    41 |    51 |   115 |   117 |       |    87 |    43 ||   454
       Plate armour      |       |       |       |    22 |   154 |   140 |       ||   316
Dodge: Dodged            |    49 |    60 |   117 |   132 |    85 |   189 |    54 ||   686
Block: Kite shield       |    64 |    84 |   179 |   244 |   317 |   697 |   165 ||  1750
       Reflection        |       |       |       |       |     9 |    30 |    11 ||    50
